 Dungeon Crawl Stone Soup version 0.31-a0-664-g902f515a81 (webtiles) character file.

Game seed: 7862895603474919862

35513 RepHenryClay the Spry (level 13, -1/66 HPs)
             Began as a Deep Elf Earth Elementalist on Sept 2, 2023.
             Was a High Priest of Sif Muna.
             Slain by a reaper
             ... wielding a +6 scythe of freezing
              (2 damage)
             ... in an ice cave on Sept 3, 2023.
             The game lasted 00:41:44 (20703 turns).

RepHenryClay the Spry (DEEE)                       Turns: 20703, Time: 00:41:44

Health: -1/66      AC:  7    Str:  5    XL:     13   Next: 48%
Magic:  25/29      EV: 26    Int: 30    God:    Sif Muna [*****.]
Gold:   715        SH:  8    Dex: 23    Spells: 24/33 levels left

rFire   + . .        a - +6 dagger of the Ghost {freeze, Drain rElec rPois rCorr}
rCold   + + .        m - +2 buckler {rC+}
rNeg    . . .        k - +2 robe {rC+ rF+}
rPois   +            X - +2 hat {Stlth+}
rElec   +            (no cloak)
rCorr   +            A - +0 pair of gloves
SInv    .            (no boots)
Will    +....        T - amulet of magic regeneration
Stlth   ++++         S - +6 ring of intelligence
HPRegen 0.31/turn    D - +6 ring of dexterity
MPRegen 0.61/turn

%: no passive effects
@: brilliant, hasted, studying Armour, very quick
A: no striking features
a: Renounce Religion, Channel Magic, Forget Spell, Divine Exegesis


You were in an ice cave.
You worshipped Sif Muna.
Sif Muna was extremely pleased with you.
You visited 3 branches of the dungeon, and saw 17 of its levels.
You also visited: Bailey and Ice Cave.

You collected 904 gold pieces.
You spent 189 gold pieces at shops.

Inventory:

Hand Weapons
 a - the +6 dagger of the Ghost (weapon) {freeze, Drain rElec rPois rCorr}
   (You found it on level 5 of the Dungeon)

   rElec:     It insulates you from electricity.
   rPois:     It protects you from poison rCorr: It protects you from acid and
   corrosion.
   Drain:     It drains your maximum health when unequipped.
 G - the +8 quarterstaff of Cuustapn {flame, rElec rF+ rN+ rCorr}
   (You found it in a bailey)

   rF+:       It protects you from fire.
   rElec:     It insulates you from electricity.
   rN+:       It protects you from negative energy.
   rCorr:     It protects you from acid and corrosion.
Missiles
 n - a throwing net
Armour
 k - a +2 robe of resistance (worn)
 m - a +2 buckler of cold resistance (worn)
 y - the +0 leather armour of Riteipp {Drain Fly rN+++ rCorr}
   (You bought it in a shop on level 3 of the Dungeon)

   rN+++:     It renders you almost immune to negative energy.
   Fly:       It grants you flight.
   rCorr:     It protects you from acid and corrosion.
   Drain:     It drains your maximum health when unequipped.
 A - a +0 pair of gloves (worn)
 X - a +2 hat of stealth (worn)
Magical Staves
 s - a staff of cold
Jewellery
 c - an amulet of regeneration
 d - a +4 ring of protection
 i - a ring of wizardry
 l - an amulet of the acrobat
 D - a +6 ring of dexterity (right hand)
 E - a ring of resist corrosion
 N - a ring of poison resistance
 R - a +6 ring of dexterity
 S - a +6 ring of intelligence (left hand)
 T - an amulet of magic regeneration (around neck)
 Y - a ring of fire
Wands
 v - a wand of mindburst (7)
 B - a wand of quicksilver (9)
 H - a wand of roots (3)
 M - a wand of flame (28)
 W - a wand of digging (3)
Scrolls
 g - 5 scrolls of vulnerability
 j - a scroll of immolation
 p - 3 scrolls of enchant armour
 r - 4 scrolls of amnesia
 t - 2 scrolls of poison
 u - 2 scrolls of enchant weapon
 w - a scroll of teleportation
 I - a scroll of identify {@r1}
 L - 2 scrolls of revelation
 O - a scroll of torment
 P - 3 scrolls of fog
 Z - a scroll of brand weapon
Potions
 b - 2 potions of magic
 e - 2 potions of invisibility
 f - a potion of cancellation
 h - 8 potions of curing
 o - a potion of heal wounds
 q - 3 potions of berserk rage
 z - 4 potions of attraction
 C - a potion of brilliance
 F - a potion of degeneration
 J - 4 potions of might
 K - a potion of haste
 Q - a potion of ambrosia
 U - a potion of lignification
 V - 2 potions of mutation


   Skills:
 + Level 1.9 Fighting
 - Level 17.5 Dodging
 - Level 2.4 Stealth
 + Level 1.9 Shields
 - Level 10.5 Spellcasting
 - Level 13.7 Conjurations
 - Level 1.1 Transmutations
 - Level 5.0 Ice Magic
 - Level 5.1 Air Magic
 - Level 8.5 Earth Magic


You had 24 spell levels left.
You knew the following spells:

 Your Spells              Type           Power      Damage    Failure   Level
a - Stone Arrow           Conj/Erth      100%       3d13      1%          3
b - Sandblast             Erth           100%       2d20      1%          1
c - Freezing Cloud        Conj/Ice/Air   38%        6-21      6%          5

Your spell library contained the following spells:

 Spells                   Type           Power      Damage    Failure   Level
 Passwall                 Tmut/Erth      50%        N/A       1%          2
 Hailstorm                Conj/Ice       82%        3d17      1%          3
 Cigotuvi's Dreadful Rot  Necr/Pois/Air  78%        N/A       4%          2
 Wereblood                Tmut           33%        N/A       6%          2
 Irradiate                Conj/Tmut      37%        3d24      8%          5
 Petrify                  Tmut/Erth      61%        N/A       9%          4
 Fireball                 Conj/Fire      35%        3d15      10%         5
 Ignite Poison            Fire/Tmut/Pois 27%        N/A       16%         3
 Summon Ice Beast         Ice/Summ       46%        N/A       22%         4
 Yara's Violent Unravell  Hex/Tmut       14%        3d7       78%         5
 Simulacrum               Ice/Necr       23%        N/A       97%         6
 Lehudib's Crystal Spear  Conj/Erth      44%        10d11     99%         8
 Eringya's Noxious Bog    Tmut/Pois      14%        4d6       100%        6


Dungeon Overview and Level Annotations

Branches:
Dungeon (12/15)            Temple (1/1) D:5            Lair (4/5) D:8
  Swamp (0/4) Lair:3        Snake (0/4) Lair:2          Orc (0/2) D:10
 Bailey (visited)           IceCv (1/1)
  Slime: Lair:4-5

Altars:
Ashenzari
Cheibriados
Dithmenos
Elyvilon
Fedhas
Gozag
Hepliaklqana
Kikubaaqudgha
Makhleb
Nemelex Xobeh
Okawaru
Qazlal
Ru
Sif Muna
Trog
Uskayaw
Vehumet
Wu Jian
Xom
Yredelemnul
Zin
The Shining One

Shops:
D:3 [

Portals:
Trove: D:11 (give +6 demon whip)

Annotations:
D:2 1 runed translucent door, Crazy Yiuf
D:8 unfinished
D:9 3 exclusions, Erolcha
Lair:2 1 runed translucent door, avis's ghost, journeyman FeSh


Message History

You miscast Stone Arrow.
You are very lightly contaminated with residual magic.
Nothing appears to happen.
The death yak simulacrum gores you. The death yak simulacrum freezes you!
You resist.
Huge Dmg: -22%(-15hp) hp: 78%(51hp)
You feel yourself speed up.
You feel clever all of a sudden. You block the reaper's attack.
Casting: Stone Arrow (safe; 1% risk of failure)
Confirm with . or Enter, or press ? or * to list all spells.
Aiming: Stone Arrow (safe; 1% risk of failure)
Press: ? - help, Shift-Dir - straight line, f/p - death yak simulacrum
Aim: a death yak simulacrum (lightly damaged, 100% to hit)
You feel a surge of power!
The stone arrow hits the reaper!!
The reaper is moderately wounded.
Your magical contamination has completely faded away.
Casting: Stone Arrow (safe; 1% risk of failure)
Confirm with . or Enter, or press ? or * to list all spells.
Aiming: Stone Arrow (safe; 1% risk of failure)
Press: ? - help, Shift-Dir - straight line, f - reaper
Aim: a reaper, wielding a +6 scythe of freezing (moderately wounded, 78% to hit)
You feel a surge of power!
The stone arrow hits the reaper!
The reaper is heavily wounded.
Casting: Stone Arrow (safe; 1% risk of failure)
Confirm with . or Enter, or press ? or * to list all spells.
Aiming: Stone Arrow (safe; 1% risk of failure)
Press: ? - help, Shift-Dir - straight line, f/p - reaper
Aim: a reaper, wielding a +6 scythe of freezing (heavily wounded, 78% to hit)
You feel a surge of power!
The stone arrow hits the reaper!!
The reaper is severely wounded.
The reaper attacks as it pursues you!
The reaper hits you from afar with a +6 scythe of freezing!
The reaper freezes you.
Huge Dmg: -22%(-15hp) hp: 60%(39hp)
The reaper attacks as it pursues you!
The reaper hits you from afar with a +6 scythe of freezing!!!
Ouch! That really hurt!
* * * LOW HITPOINT WARNING * * *
The reaper freezes you.
You die...

##.##Z#≈≈##..##
#####.##≈
##...#
##..#Z###
##....#
#...2.)#
#.....##
##.##.⌠.#
##..#...#
#..##..[#
#..###..##
#2####.####.##
##..# #..#####
#..# ##.#
##.@## ##..#
##.# #...#
#..## #.##
#...# #.## #.##
##..## #..#
#..# #...###..#
##.# ##...###.#
##.# ##..###.#
###.## #...#.##
#.#.# ##..#.#
##...#


You could see a reaper.

Vanquished Creatures
  Gastronok (Lair:3)
  Snorg (Lair:3)
  A hydra (Lair:3)
  Fannar (Lair:3)
  Erica (Lair:1)
  A centaur warrior (D:8)
  2 two-headed ogres
  A skyshark (Lair:3)
  A cyclops (D:8)
  An ugly thing (IceCv)
  6 elephants (Lair:3)
  5 black mambas
  An ice statue (IceCv)
  A torpor snail (Lair:1)
  9 cane toads
  3 komodo dragons
  Maggie (D:6)
  2 rime drakes
  2 anaconda simulacra (IceCv)
  An unseen horror (D:11)
  2 ice devils (Lair:4)
  A polar bear (Lair:1)
  5 trolls
  A hornet (Lair:3)
  A tyrant leech (Lair:3)
  Grinder (D:5)
  Prince Ribbit (D:7)
  4 blink frogs (Lair:2)
  Sigmund (D:5)
  A shadow (D:9)
  3 wraiths
  4 wyverns
  29 yaks
  A basilisk (Lair:2)
  3 steam dragons
  5 death yak simulacra (IceCv)
  A harpy simulacrum (IceCv)
  Menkaure (D:5)
  A swamp worm (Lair:3)
  A naga (Lair:2)
  12 water moccasins
  3 acid dragons
  16 orc warriors
  2 black bears (D:8)
  2 ice beasts
  2 sky beasts (D:8)
  2 ogres
  16 centaurs
  A kobold brigand (D:5)
  10 bullfrogs
  A gnoll sergeant (D:11)
  4 two-headed ogre simulacra (IceCv)
  2 scorpions
  A cane toad simulacrum (IceCv)
  12 wights
  15 killer bees
  4 howler monkeys
  3 electric eels
  5 hounds
  5 jellies
  8 orc priests
  3 gnoll boudas
  3 sleepcaps
  3 iguanas (D:5)
  3 troll simulacra (IceCv)
  7 orc wizards
  Terence (D:2)
  6 spriggan simulacra (IceCv)
  4 wolf simulacra (IceCv)
  Robin (D:2)
  14 adders
  18 gnolls
  7 naga simulacra (IceCv)
  A shadow imp (D:5)
  7 white imps
  8 ufetubi
  A worm (D:2)
  A dart slug (D:4)
  47 orcs
  9 ball pythons
  9 bats
  10 endoplasms
  4 giant cockroaches
  18 goblins
  6 hobgoblins
  3 jackals (D:1)
  12 kobolds
  4 quokkas
  A frilled lizard (D:1)
  6 rats
  2 butterflies (Lair:2)
454 creatures vanquished.

Notes
Turn   | Place    | Note
-------+----------+-------------------------------------------
     0 | D:1      | RepHenryClay the Deep Elf Earth Elementalist began the
                  | quest for the Orb.
     0 | D:1      | Reached XP level 1. HP: 10/10 MP: 6/6
   136 | D:1      | Reached XP level 2. HP: 15/15 MP: 4/8
   461 | D:1      | Found a faded altar of an unknown god.
   926 | D:1      | Reached XP level 3. HP: 19/19 MP: 7/9
  1301 | D:2      | Reached skill level 5 in Earth Magic
  1418 | D:2      | Found a runed translucent door.
  1419 | D:2      | Noticed Crazy Yiuf
  1426 | D:2      | Learned a level 3 spell: Stone Arrow
  1502 | D:2      | Noticed Robin
  1584 | D:2      | Reached skill level 1 in Conjurations
  1652 | D:2      | Killed Robin
  1653 | D:2      | Reached XP level 4. HP: 24/24 MP: 7/10
  1801 | D:2      | Noticed Terence
  1806 | D:2      | Killed Terence
  2567 | D:3      | Found a white marble altar of Elyvilon.
  2640 | D:3      | Found Ylacob's Antique Armour Emporium.
  2719 | D:3      | Reached XP level 5. HP: 25/28 MP: 7/11
  3037 | D:4      | Noticed Edmund
  3142 | D:4      | Edmund changed into Edmund the scorpion
  3142 | D:4      | Noticed Edmund
  3146 | D:4      | Killed Edmund the scorpion
  3374 | D:4      | Reached skill level 5 in Conjurations
  3450 | D:4      | Reached XP level 6. HP: 17/32 MP: 7/12
  4443 | D:5      | Entered Level 5 of the Dungeon
  4467 | D:5      | Noticed Menkaure
  4469 | D:5      | Killed Menkaure
  4512 | D:5      | Reached XP level 7. HP: 36/36 MP: 9/13
  5056 | D:5      | Found a staircase to the Ecumenical Temple.
  5114 | D:5      | Noticed Grinder
  5238 | Temple   | Entered the Ecumenical Temple
  5246 | Temple   | Became a worshipper of Sif Muna the Loreminder
  5361 | D:5      | Noticed Sigmund
  5365 | D:5      | Killed Sigmund
  5366 | D:5      | Reached XP level 8. HP: 41/41 MP: 7/14
  5490 | D:5      | Identified the +6 dagger of the Ghost {freeze, Drain rElec
                  | rPois rCorr}
  5557 | D:5      | Killed Grinder
  5708 | D:6      | Noticed Maggie
  5904 | D:6      | Killed Maggie
  5905 | D:6      | Reached skill level 4 in Dodging
  6061 | D:6      | Found a shimmering altar of Xom.
  6183 | D:6      | Reached skill level 5 in Spellcasting
  7090 | D:7      | Found a sacrificial altar of Ru.
  7090 | D:7      | Found a broken altar of Ashenzari.
  7136 | D:7      | Reached XP level 9. HP: 30/45 MP: 11/19
  7138 | D:7      | Reached skill level 5 in Dodging
  7174 | D:7      | Reached * piety under Sif Muna
  7562 | D:3      | Bought a bloodstained leather armour for 189 gold pieces
  7562 | D:3      | Identified the +0 leather armour of Riteipp {Drain Fly
                  | rN+++ rCorr} (You bought it in a shop on level 3 of the
                  | Dungeon)
  7668 | D:7      | Noticed Prince Ribbit
  7687 | D:7      | Reached skill level 6 in Dodging
  7696 | D:7      | Killed Prince Ribbit
  8450 | D:8      | Reached skill level 7 in Dodging
  8497 | D:8      | Noticed a komodo dragon
  8516 | D:8      | Killed a komodo dragon
  8613 | D:8      | Found a staircase to the Lair.
  8716 | D:8      | Reached skill level 8 in Dodging
  8772 | D:8      | Noticed a troll
  8774 | D:8      | Killed a troll
  8781 | D:8      | Reached XP level 10. HP: 50/50 MP: 16/25
  9381 | D:8      | Reached ** piety under Sif Muna
  9586 | D:8      | Noticed a centaur warrior
  9586 | D:8      | Noticed a cyclops
  9721 | D:9      | Found a flagged portal.
  9736 | Bailey   | Entered a bailey
  9799 | Bailey   | Reached skill level 9 in Dodging
 10238 | Bailey   | Reached skill level 10 in Dodging
 10444 | Bailey   | Identified the +8 quarterstaff of Cuustapn {flame, rElec
                  | rF+ rN+ rCorr}
 10472 | Bailey   | Upgraded the game from 0.31-a0-662-g684573625c to
                  | 0.31-a0-664-g902f515a81
 10603 | Bailey   | Reached skill level 11 in Dodging
 10809 | Bailey   | Reached *** piety under Sif Muna
 11070 | D:9      | Noticed Erolcha
 11420 | D:9      | Found a hazy altar of Hepliaklqana.
 11576 | D:9      | Found a sparkling altar of Nemelex Xobeh.
 11610 | D:9      | Found a glowing silver altar of Zin.
 11740 | D:9      | Reached skill level 12 in Dodging
 11741 | D:9      | Reached skill level 10 in Conjurations
 11917 | D:10     | Entered Level 10 of the Dungeon
 12008 | D:10     | Reached XP level 11. HP: 54/54 MP: 4/26
 12259 | D:10     | Found a staircase to the Orcish Mines.
 12314 | D:10     | Noticed a two-headed ogre
 12320 | D:10     | Killed a two-headed ogre
 12568 | D:10     | Reached **** piety under Sif Muna
 12762 | D:10     | Reached skill level 10 in Spellcasting
 12764 | D:10     | Reached skill level 13 in Dodging
 13232 | D:11     | Found a portal to a secret trove of treasure.
 13234 | D:11     | Identified the +2 whip of Garo Qym {heavy, Int+3}
 13460 | D:11     | Noticed a two-headed ogre
 13466 | D:11     | Killed a two-headed ogre
 13862 | D:11     | Reached skill level 14 in Dodging
 14558 | D:8      | Killed a centaur warrior
 15182 | Lair:1   | Entered Level 1 of the Lair of Beasts
 15182 | Lair:1   | Found a glowing golden altar of the Shining One.
 15201 | Lair:1   | Reached skill level 15 in Dodging
 15445 | Lair:1   | Noticed Erica
 15449 | Lair:1   | Reached XP level 12. HP: 59/59 MP: 22/28
 15843 | Lair:1   | Killed Erica
 16117 | Lair:1   | Reached skill level 16 in Dodging
 16130 | Lair:1   | Reached ***** piety under Sif Muna
 17099 | Lair:2   | Received a gift from Sif Muna
 17102 | Lair:2   | Got Sif Muna's Opusculum on Power and the Valley {god gift}
 17146 | Lair:2   | Identified the orb of Tidamu {guile, Str+2}
 17213 | Lair:2   | Found a runed translucent door.
 17500 | Lair:2   | Found a staircase to the Snake Pit.
 17576 | Lair:2   | Reached skill level 17 in Dodging
 17610 | Lair:2   | Learned a level 5 spell: Freezing Cloud
 17731 | Lair:2   | Reached skill level 1 in Ice Magic
 17731 | Lair:2   | Reached skill level 1 in Air Magic
 17956 | Lair:2   | Found the +8 whip "Snakebite" {venom, curare, rPois}
 18136 | Lair:2   | Noticed avis's ghost (journeyman FeSh)
 18374 | Lair:3   | Noticed Fannar
 18385 | Lair:3   | Killed Fannar
 18517 | Lair:3   | Noticed Snorg
 18523 | Lair:3   | Killed Snorg
 18524 | Lair:3   | Reached XP level 13. HP: 63/63 MP: 12/29
 18682 | Lair:3   | Found a staircase to the Swamp.
 18690 | Lair:3   | Noticed Gastronok
 18701 | Lair:3   | Killed Gastronok
 18702 | Lair:3   | Reached skill level 5 in Ice Magic
 18822 | Lair:3   | Reached skill level 5 in Air Magic
 19492 | Lair:4   | Found a frozen archway.
 19497 | IceCv    | Entered an ice cave
 19865 | IceCv    | Received a gift from Sif Muna
 19866 | IceCv    | Got Sif Muna's Verses on the Figure {god gift}
 20013 | IceCv    | Reached skill level 1 in Fighting
 20013 | IceCv    | Reached skill level 1 in Shields
 20231 | IceCv    | Noticed a reaper
 20703 | IceCv    | HP: 1/66 [reaper/+6 scythe of freezing (39)]
 20703 | IceCv    | Slain by a reaper

Illustrated notes

Levels and vault maps discovered:
D:1:      dpeg_arrival_arbitrary_b, layout_loops_corners,
          hellmonk_ecumenical_altar_leap_of_faith, columned_hall_lemuel
D:2:      layout_loops_cross, grunt_ministairs_5, uniq_crazy_yiuf_cottage,
          uniq_robin, uniq_terence
D:3:      layout_rooms, elyvilon_altar_4, serial_shops,
          nicolae_shop_just_a_little_nook
D:4:      layout_layer_cave, uniq_edmund
D:5:      layout_basic, temple_doors_e, uniq_menkaure, uniq_grinder,
          uniq_sigmund
D:6:      layout_layer_cave, mainiacjoe_overflow_paths, uniq_maggie
D:7:      layout_loops_ring, gammafunk_temple_overflow_statue,
          small_statue_intersection, uniq_prince_ribbit1
D:8:      nzn_winding_woodlands_medium [nzn_winding_woodlands_5x5_checkerboard,
          nzn_winding_woodlands_5x15_concentric,
          nzn_winding_woodlands_5x5_three, nzn_winding_woodlands_5x5_cross,
          nzn_winding_woodlands_center_lodge, nzn_winding_woodlands_5x5_default,
          nzn_winding_woodlands_5x5_open_star, nzn_winding_woodlands_5x15_cabin,
          nzn_winding_woodlands_5x5_closed_star], layout_basic,
          david_lair_shrubbed, serial_bayou_ford_a
D:9:      layout_basic, nemelex_diamond_rough_becter, zin_scriptorium,
          kennysheep_mini, enter_bailey_5, uniq_erolcha
D:10:     layout_small_grid, david_orc_4
D:11:     layout_loops_ring, enter_trove_0
D:12:     cheibrodos_shockbox, layout_cave_pools, dk_noncrumbling_4
Temple:   bh_familiar_temple
Lair:1:   layout_roguey, basic_altar, serial_bayou_shore_a, grunt_megastairs_4,
          uniq_erica
Lair:2:   minmay_guarded_unrand_snakebite, layout_regular_city,
          guppyfry_snake_entry_garden, gammafunk_ghost_grave,
          lemuel_fruit_fields
Lair:3:   layout_gridlike, minmay_swamp_entry_worms, lemuel_old_faithful,
          uniq_fannar, uniq_snorg, uniq_gastronok
Lair:4:   layout_cave_pods, portal_ice_cave_demonic_guard, roderic_batcave
IceCv:    ice_cave_caverns_01

Skill      XL: |  1  2  3  4  5  6  7  8  9 10 11 12 13 |
---------------+----------------------------------------+-----
Earth Magic    | 4 5 6 7 8 |  8.5
Conjurations   | 1 3 5 6 7 8 9 10 12 13 | 13.7
Dodging        | 4 8 12 15 17 | 17.5
Spellcasting   | 5 9 10 | 10.5
Ice Magic      | 4 5 |  5.0
Air Magic      | 4 5 |  5.1
Fighting       | 1 |  1.9
Shields        | 1 |  1.9
Stealth        | |  2.4
Transmutations | |  1.1

Action                     |  1- 3 |  4- 6 |  7- 9 | 10-12 | 13-15 || total
---------------------------+-------+-------+-------+-------+-------++-------
  Melee: Unarmed           |     1 |       |       |       |       ||     1
         Dagger            |       |    10 |    31 |    53 |     1 ||    95
         Punch             |       |       |       |     1 |       ||     1
   Cast: Sandblast         |    58 |    74 |   102 |   113 |     1 ||   348
         Stone Arrow       |       |    11 |    41 |   329 |   153 ||   534
         Freezing Cloud    |       |       |       |     2 |     2 ||     4
  Evoke: Wand              |       |     1 |     2 |    12 |     2 ||    17
    Use: Scroll            |       |     3 |     6 |    18 |     5 ||    32
         Potion            |       |     1 |       |     1 |     3 ||     5
   Stab: Sleeping          |       |       |       |     1 |       ||     1
 Armour: Robe              |    43 |    30 |    74 |   115 |    18 ||   280
         Leather armour    |       |       |       |    62 |       ||    62
  Dodge: Dodged            |    34 |    25 |    48 |   293 |    33 ||   433
  Block: Buckler           |       |       |       |       |    10 ||    10

Table legend: (Time is in decaauts)
 A = Elapsed time spent in this place.
 B = Non-inter-level travel time spent in this place.
 C = Inter-level travel time spent in this place.
 D = Time resting spent in this place.
 E = Time spent auto-exploring this place.
 F = Levels seen in this place.
 G = Mean time per level.
                   A        B        C        D        E       F      G
               +--------+--------+--------+--------+--------+-----+--------+
         Total |  20918 |  19953 |    965 |   1433 |  15193 |  19 | 1100.9 |
       Dungeon |  14500 |  13717 |    783 |    862 |  10875 |  12 | 1208.3 |
        Temple |     15 |      9 |      6 |      0 |      0 |   1 |   15.0 |
          Lair |   3982 |   3807 |    175 |     92 |   3091 |   4 |  995.5 |
        Bailey |   1216 |   1216 |      0 |    296 |    567 |   1 | 1216.0 |
      Ice Cave |   1203 |   1203 |      0 |    183 |    659 |   1 | 1203.0 |
               +--------+--------+--------+--------+--------+-----+--------+

Top non-repeatable levels by time:
     D:8: 2761 daAuts
     D:4: 1561 daAuts
  Lair:1: 1460 daAuts
     D:5: 1376 daAuts
  Lair:2: 1321 daAuts
     D:6: 1306 daAuts
     D:1: 1258 daAuts
    D:10: 1258 daAuts
     D:2: 1221 daAuts
     D:9: 1219 daAuts
  Bailey: 1216 daAuts
   IceCv: 1203 daAuts
  Lair:3: 1150 daAuts
     D:7: 1143 daAuts
    D:11: 876 daAuts
